 Dungeon Crawl Stone Soup version 0.24.0-37-gcf1ca852f1 (webtiles) character file.

Game seed: 16837957610452332971, levelgen mode: deterministic

68361 FishyPogo the Thaumaturge (level 15, -22/117 HPs)
             Began as a Gnoll Skald on Dec 1, 2019.
             Was a High Priest of Nemelex Xobeh.
             Annihilated by a wolf spider (30 damage)
             ... on level 1 of the Spider Nest on Dec 5, 2019.
             The game lasted 02:05:04 (15828 turns).

FishyPogo the Thaumaturge (Gnoll Skald)            Turns: 15828, Time: 02:05:05

Health: -22/117    AC: 21    Str: 16    XL:     15   Next: 26%
Magic:  14/29      EV: 16    Int: 17    God:    Nemelex Xobeh [*****.]
Gold:   1749       SH: 11    Dex: 17    Spells: 9/35 levels left

rFire    + . .     SeeInvis .   a - +7 flail "Falah" {crush, MR+}
rCold    + . .     Gourm    .   F - +0 buckler
rNeg     . . .     Faith    .   H - +4 scale mail {rF+}
rPois    +         Spirit   .   R - +2 hat {MR+}
rElec    .         Reflect  +   K - +0 cloak {rPois}
rCorr    +         Harm     .   e - +0 pair of gloves
MR       +++..                  q - +2 pair of boots
Stlth    +++.......             p - +4 amulet of reflection
HPRegen  1.29/turn              I - ring of protection from cold
MPRegen  0.21/turn              z - ring of resist corrosion

@: lethally poisoned (-22 -> -28), marked, regenerating
A: distributed training, fangs 1, strong nose
a: Draw Escape, Draw Destruction, Draw Summoning, Draw Stack, Triple Draw, Deal
Four, Stack Five, Renounce Religion


You were on level 1 of the Spider Nest.
You worshipped Nemelex Xobeh.
Nemelex Xobeh was extremely pleased with you.
You were not hungry.

You visited 3 branches of the dungeon, and saw 20 of its levels.
You also visited: Sewer and Volcano.

You collected 2057 gold pieces.
You spent 308 gold pieces at shops.

Inventory:

Hand Weapons
 a - the +7 flail "Falah" (weapon) {crush, MR+}
   (You found it on level 6 of the Dungeon)

   It inflicts extra damage upon your enemies.
   It affects your resistance to hostile enchantments.
 b - a +4 spear of venom
 N - the +12 glaive of Prune {chop}
   (You found it on level 6 of the Lair of Beasts)

   It inflicts extra damage upon your enemies.
 V - a +4 scimitar of flaming
Missiles
 c - 2 curare-tipped darts
 f - a boomerang
 x - 2 throwing nets
 y - 2 boomerangs of dispersal
 E - 36 poisoned darts (quivered)
Armour
 e - a +0 pair of gloves (worn)
 q - a +2 pair of boots (worn)
 F - a +0 buckler (worn)
 H - a +4 scale mail of fire resistance (worn)
 K - a +0 cloak of poison resistance (worn)
 R - a +2 hat of magic resistance (worn)
Magical Staves
 L - an uncursed staff of power {unknown}
Jewellery
 o - an uncursed ring of flight
 p - a +4 amulet of reflection (around neck)
 z - a ring of resist corrosion (right hand)
 I - a ring of protection from cold (left hand)
 X - an uncursed amulet of the acrobat
Wands
 u - a wand of disintegration (25)
 v - a wand of polymorph (9)
 B - a wand of scattershot (6)
 G - a wand of iceblast (8)
 Q - a wand of acid (16)
 S - a wand of paralysis (7)
 W - a wand of random effects (23)
 Y - a wand of flame (63)
Scrolls
 h - 6 scrolls of identify
 A - 8 scrolls of remove curse
 J - 2 scrolls of summoning
 M - 4 scrolls of magic mapping
 O - 2 scrolls of fear
 P - 3 scrolls of blinking
Potions
 g - 4 potions of haste
 i - 2 potions of lignification
 j - 2 potions of resistance {unknown}
 k - 6 potions of berserk rage
 l - 2 potions of heal wounds
 n - a potion of invisibility
 s - a potion of flight
 t - 2 potions of might
 w - a potion of ambrosia
 C - 3 potions of agility
 D - 9 potions of curing
 T - 2 potions of mutation {unknown}
 U - 2 potions of magic {unknown}
Comestibles
 d - 44 rations


   Skills:
 + Level 10.7 Fighting
 + Level 9.7 Short Blades
 + Level 9.7 Long Blades
 + Level 10.7 Axes
 + Level 9.7 Maces & Flails
 + Level 9.7 Polearms
 + Level 9.7 Staves
 + Level 9.7 Slings
 + Level 9.7 Bows
 + Level 9.7 Crossbows
 + Level 9.7 Throwing
 + Level 10.1 Armour
 + Level 10.7 Dodging
 + Level 9.7 Stealth
 + Level 9.7 Shields
 + Level 9.7 Unarmed Combat
 + Level 10.9 Spellcasting
 + Level 8.2 Conjurations
 + Level 8.2 Hexes
 + Level 9.9 Charms
 + Level 8.2 Summonings
 + Level 8.2 Necromancy
 + Level 8.2 Translocations
 + Level 8.2 Transmutations
 + Level 8.2 Fire Magic
 + Level 8.2 Ice Magic
 + Level 8.2 Air Magic
 + Level 8.2 Earth Magic
 + Level 8.2 Poison Magic
 + Level 10.6 Invocations
 + Level 9.7 Evocations


You had 9 spell levels left.
You knew the following spells:

 Your Spells              Type           Power        Failure   Level  Hunger
a - Magic Dart            Conj           ####         1%          1    None
c - Mephitic Cloud        Conj/Pois/Air  #####...     2%          3    None
h - Regeneration          Chrm/Necr      #####.....   1%          3    None
i - Ice Form              Ice/Tmut       #####...     8%          4    ###....
j - Conjure Flame         Conj/Fire      #####...     2%          3    None
k - Iskenderun's Mystic   Conj           #####...     8%          4    ###....
n - Spectral Weapon       Hex/Chrm       #####...     1%          3    None
p - Shroud of Golubria    Chrm/Tloc      #####.       1%          2    None
u - Song of Slaying       Chrm           #####...     1%          2    None
y - Infusion              Chrm           ####         1%          1    None

Your spell library contained the following spells:

 Spells                   Type           Power        Failure   Level  Hunger
 Blink                    Tloc           N/A          1%          2    None
 Call Imp                 Summ           #####...     1%          2    None
 Searing Ray              Conj           #####.       1%          2    None
 Slow                     Hex            #####...     1%          2    None
 Dazzling Spray           Conj/Hex       #####.       2%          3    None
 Force Lance              Conj/Tloc      #####...     8%          4    ###....
 Fulminant Prism          Conj/Hex       #####.....   8%          4    ###....
 Metabolic Englaciation   Hex/Ice        #####.....   21%         5    #####..
 Bolt of Cold             Conj/Ice       #####.....   75%         6    ######.
 Freezing Cloud           Conj/Ice/Air   #####.....   75%         6    ######.
 Ozocubu's Refrigeration  Ice            #####.....   75%         6    ######.
 Simulacrum               Ice/Necr       #####.....   75%         6    ######.


Dungeon Overview and Level Annotations

Branches:
Dungeon (13/15)            Temple (0/1) D:5            Lair (6/6) D:11
 Shoals (0/4) Lair:2       Spider (1/4) Lair:2        Slime (0/5) Lair:6
    Orc (0/2) D:10          Sewer (visited)         Volcano (visited)
 Vaults: D:13-14

Altars:
Cheibriados
Dithmenos
Fedhas
Nemelex Xobeh
Okawaru
Ru
Sif Muna
Wu Jian
Yredelemnul
Zin

Shops:
D:4 (   D:7 !   D:9 =   D:10 [

Annotations:
D:11 exclusion: door


Innate Abilities, Weirdness & Mutations

Your experience applies equally to all skills.
You have very sharp teeth.
Your uncanny sense of smell can sniff out nearby items.


Message History

The wolf spider is moderately wounded.
Your spectral weapon hits the wolf spider.
The wolf spider completely misses you. The wolf spider bites you.
* * * LOW HITPOINT WARNING * * *
You are poisoned.
The wolf spider poisons you! The wolf spider closely misses you.
You block the wolf spider's attack. The wolf spider hits you.
* * * LOW HITPOINT WARNING * * *
The wolf spider misses you. The wolf spider hits you.
* * * LOW HITPOINT WARNING * * *
You block the wolf spider's attack.
Your scale mail prevents you from hitting the wolf spider.
You bite the wolf spider, but do no damage.
The wolf spider is moderately wounded.
* * * LOW HITPOINT WARNING * * *
You feel very sick.
Your spectral weapon closely misses the wolf spider.
The wolf spider hits you!!
You die...
Your body glows with a rainbow of weird colours and disappears.

....#..## ###......*,,,********,*
†..##...###..^....#*,,** *,,
.#####...#....^...#,,,* **,
.#...##...........#,,** *,
##..>.##..........#,,* **
##.....#########.^#,,* *
#...#.[#.^.##..####,,**#*********
##..#..#...#^...s##*,...,,,,,,,*,
##.^#......##..(@†#..#,,,,,,,,,,,
....#^...####..#s...^#,,,,,,,,,,,
....#.†........#y†..†...,*,,,,,,,
^...#..^.......##.#..†.†,,,,,,,,,
.####.....###..#*##†..†.,,,,,,,*,
≈≈##≈≈##### #### *,†...,,,,,,,,,
≈≈≈≈≈≈≈# **,...,,,∩,,,,, ≈#≈≈≈≈≈#
*,...,,,,,,,,, ###≈≈≈##
*,,,*,,,,,,,,,


You could see 2 wolf spiders, a moth of wrath (confused) and a friendly spectral
+7 flail "Falah" {crush, MR+}.

Vanquished Creatures
  2 entropy weavers (Spider:1)
  A very ugly thing (Spider:1)
  A dire elephant (Lair:4)
  A spark wasp (Lair:6)
  An ettin (Spider:1)
  4 hydras
  Harold (D:10)
  An ice dragon (Lair:2)
  A catoblepas (Lair:6)
  4 two-headed ogres (Volcano)
  An ogre mage (Volcano)
  A glowing orange brain (Volcano)
  4 lindwurms (Lair:5)
  A harpy (Lair:6)
  2 orb spiders (Spider:1)
  2 wolf spiders (Spider:1)
  An oklob plant (Lair:6)
  A cyclops (Volcano)
  8 ugly things
  A guardian serpent (Spider:1)
  A merfolk siren (Lair:2)
  22 elephants
  4 black mambas
  10 spiny frogs
  5 komodo dragons
  7 rime drakes
  5 jumping spiders
  5 trolls
  5 hornets
  2 meliai
  3 polar bears
  8 blink frogs
  4 hippogriffs
  7 tarantellas (Spider:1)
  13 redbacks
  2 wyverns
  27 yaks
  A wraith (D:10)
  6 basilisks
  4 hogs
  4 humans
  A hungry ghost (D:9)
  An acid dragon (D:12)
  14 water moccasins
  A floating eye (Lair:6)
  10 porcupines
  A black bear (Lair:5)
  4 ice beasts
  5 orc warriors
  A phantom (D:9)
  A necrophage (D:12)
  4 ogres
  An eye of draining (shapeshifter) (Volcano)
  An eye of draining (D:10)
  6 sky beasts
  5 wolves (Lair:4)
  7 centaurs
  11 crocodiles
  4 big kobolds
  12 bullfrogs
  2 wyvern zombies
  A gnoll sergeant (D:11)
  A water moccasin zombie (D:11)
  A wyvern skeleton (D:10)
  4 scorpions
  A water moccasin skeleton (D:9)
  3 wights (D:7)
  5 howler monkeys
  3 electric eels
  3 crimson imps
  2 bullfrog zombies
  A quasit (D:10)
  10 jellies
  An orc priest (D:7)
  A hound (D:11)
  A gnoll shaman (D:6)
  10 orc wizards
  A bullfrog skeleton (D:5)
  5 centaur skeletons
  An iron imp (D:6)
  Jessica (D:2)
  4 iguanas
  8 worker ants
  2 howler monkey zombies
  A worker ant zombie (D:8)
  7 adders
  11 gnolls
  A river rat (D:6)
  3 shadow imps
  4 oozes
  An adder zombie (D:8)
  2 worms
  2 ball lightnings
  4 dart slugs
  9 leopard geckos
  32 orcs
  5 giant cockroaches
  2 gnoll zombies (D:7)
  11 goblins
  8 hobgoblins
  14 jackals
  17 kobolds
  7 quokkas
  2 ball pythons
  17 bats
  5 frilled lizards
  2 leopard gecko skeletons (D:5)
  A leopard gecko zombie (D:7)
  7 rats
  2 spectral weapons (Lair:4)
523 creatures vanquished.

Vanquished Creatures (collateral kills)
  Kirke (Lair:5)
  A hydra (Lair:6)
  A merfolk avatar (Lair:6)
  A swamp dragon (Lair:4)
  2 elephants (Lair:4)
  2 black mambas
  A guardian serpent (Lair:4)
  A torpor snail (Lair:3)
  A centaur skeleton (D:10)
  A komodo dragon (Lair:6)
  A hippogriff (Lair:5)
  A blink frog (Lair:5)
  2 wyverns
  3 yaks
  4 water moccasins (Lair:6)
  An ice beast (D:10)
  2 orc warriors (D:10)
  2 bullfrogs
  A wyvern skeleton (D:10)
29 creatures vanquished.

Vanquished Creatures (others)
  A fire crab (Spider:1)
  A komodo dragon (Lair:6)
  A jumping spider (Spider:1)
  A polar bear (Spider:1)
  An acid dragon (D:12)
  A floating eye (Spider:1)
  A jelly (D:12)
  A ball lightning (D:12)
  An orc (D:5)
  53 fungi
  16 plants
  13 spectral weapons
91 creatures vanquished.

Grand Total: 643 creatures vanquished

Notes
Turn   | Place    | Note
-------+----------+-------------------------------------------
     0 | D:1      | FishyPogo the Gnoll Skald began the quest for the Orb.
     0 | D:1      | Reached XP level 1. HP: 20/20 MP: 6/6
    10 | D:1      | Noticed a bullfrog
    57 | D:1      | Reached XP level 2. HP: 4/26 MP: 1/7
   354 | D:1      | Learned a level 2 spell: Song of Slaying
   357 | D:1      | Learned a level 2 spell: Shroud of Golubria
   415 | D:1      | Reached XP level 3. HP: 25/31 MP: 0/9
   424 | D:1      | Reached skill level 5 in Spellcasting
   539 | D:1      | Learned a level 3 spell: Regeneration
   543 | D:1      | Learned a level 3 spell: Spectral Weapon
   559 | D:1      | Reached skill level 1 in Invocations
  1169 | D:2      | Reached skill level 1 in Short Blades
  1169 | D:2      | Reached skill level 1 in Long Blades
  1169 | D:2      | Reached skill level 1 in Maces & Flails
  1169 | D:2      | Reached skill level 1 in Polearms
  1169 | D:2      | Reached skill level 1 in Staves
  1169 | D:2      | Reached skill level 1 in Slings
  1169 | D:2      | Reached skill level 1 in Bows
  1169 | D:2      | Reached skill level 1 in Crossbows
  1169 | D:2      | Reached skill level 1 in Throwing
  1169 | D:2      | Reached skill level 1 in Stealth
  1169 | D:2      | Reached skill level 1 in Shields
  1169 | D:2      | Reached skill level 1 in Unarmed Combat
  1169 | D:2      | Reached skill level 1 in Evocations
  1202 | D:2      | Reached XP level 4. HP: 38/38 MP: 11/11
  1568 | D:2      | Noticed Jessica
  1587 | D:2      | Killed Jessica
  1587 | D:2      | Reached skill level 1 in Conjurations
  1587 | D:2      | Reached skill level 1 in Hexes
  1587 | D:2      | Reached skill level 1 in Summonings
  1587 | D:2      | Reached skill level 1 in Necromancy
  1587 | D:2      | Reached skill level 1 in Translocations
  1587 | D:2      | Reached skill level 1 in Transmutations
  1587 | D:2      | Reached skill level 1 in Fire Magic
  1587 | D:2      | Reached skill level 1 in Ice Magic
  1587 | D:2      | Reached skill level 1 in Air Magic
  1587 | D:2      | Reached skill level 1 in Earth Magic
  1587 | D:2      | Reached skill level 1 in Poison Magic
  1587 | D:2      | Reached XP level 5. HP: 43/43 MP: 6/12
  1965 | D:3      | Found a blossoming altar of Fedhas.
  2997 | D:4      | Found Ukherino's Antique Weapon Shop.
  3168 | D:5      | Entered Level 5 of the Dungeon
  3173 | D:5      | Reached XP level 6. HP: 50/50 MP: 7/13
  3202 | D:5      | Found a sparkling altar of Nemelex Xobeh.
  3210 | D:5      | Became a worshipper of Nemelex Xobeh the Trickster
  3252 | D:5      | Noticed a sky beast
  3344 | D:5      | Killed a sky beast
  3344 | D:5      | Reached skill level 5 in Fighting
  3344 | D:5      | Reached skill level 5 in Axes
  3344 | D:5      | Reached skill level 5 in Dodging
  3376 | D:5      | Received a gift from Nemelex Xobeh
  3417 | D:5      | Reached XP level 7. HP: 52/56 MP: 11/15
  3531 | D:5      | Received a gift from Nemelex Xobeh
  3538 | D:5      | Found a staircase to the Ecumenical Temple.
  3866 | D:5      | Found an iron altar of Okawaru.
  4153 | D:6      | Found a snail-covered altar of Cheibriados.
  4228 | D:6      | Found a glowing drain.
  4229 | D:6      | Reached * piety under Nemelex Xobeh
  4260 | Sewer    | Entered a sewer
  4385 | D:6      | Found a shadowy altar of Dithmenos.
  4399 | D:6      | Got a dazzling flail
  4400 | D:6      | Identified the +7 flail "Falah" {crush, MR+} (You found it
                  | on level 6 of the Dungeon)
  4413 | D:6      | Reached XP level 8. HP: 63/63 MP: 12/16
  4534 | D:6      | Received a gift from Nemelex Xobeh
  5126 | D:7      | Noticed a wyvern
  5146 | D:7      | Received a gift from Nemelex Xobeh
  5174 | D:7      | Killed a wyvern
  5189 | D:7      | Reached XP level 9. HP: 41/69 MP: 7/18
  5261 | D:7      | Reached ** piety under Nemelex Xobeh
  5282 | D:7      | Found Laps's Distillery.
  5293 | D:7      | Bought a potion of degeneration for 14 gold pieces
  5293 | D:7      | Bought a potion of curing for 42 gold pieces
  5641 | D:7      | Found a basalt altar of Yredelemnul.
  5660 | D:7      | Found a glowing silver altar of Zin.
  6051 | D:8      | Found a sacrificial altar of Ru.
  6054 | D:8      | Reached skill level 5 in Armour
  6155 | D:8      | Reached skill level 5 in Invocations
  6288 | D:8      | Received a gift from Nemelex Xobeh
  6307 | D:8      | Found a shimmering blue altar of Sif Muna.
  6555 | D:9      | Reached XP level 10. HP: 73/77 MP: 12/20
  6590 | D:9      | Received a gift from Nemelex Xobeh
  6590 | D:9      | Found Jyonorgh's Jewellery Shop.
  6616 | D:9      | Found an ornate altar of the Wu Jian Council.
  6740 | D:9      | You fall into a shaft and drop 3 floors!
  6756 | D:12     | Reached skill level 5 in Short Blades
  6756 | D:12     | Reached skill level 5 in Long Blades
  6756 | D:12     | Reached skill level 5 in Maces & Flails
  6756 | D:12     | Reached skill level 5 in Polearms
  6756 | D:12     | Reached skill level 5 in Staves
  6756 | D:12     | Reached skill level 5 in Slings
  6756 | D:12     | Reached skill level 5 in Bows
  6756 | D:12     | Reached skill level 5 in Crossbows
  6756 | D:12     | Reached skill level 5 in Throwing
  6756 | D:12     | Reached skill level 5 in Stealth
  6756 | D:12     | Reached skill level 5 in Shields
  6756 | D:12     | Reached skill level 5 in Unarmed Combat
  6756 | D:12     | Reached skill level 5 in Evocations
  6931 | D:12     | Reached *** piety under Nemelex Xobeh
  7071 | D:10     | Entered Level 10 of the Dungeon
  7117 | D:9      | Received a gift from Nemelex Xobeh
  7298 | D:9      | Reached XP level 11. HP: 84/84 MP: 18/22
  7767 | D:10     | Reached skill level 5 in Conjurations
  7767 | D:10     | Reached skill level 5 in Hexes
  7767 | D:10     | Reached skill level 5 in Summonings
  7767 | D:10     | Reached skill level 5 in Necromancy
  7767 | D:10     | Reached skill level 5 in Translocations
  7767 | D:10     | Reached skill level 5 in Transmutations
  7767 | D:10     | Reached skill level 5 in Fire Magic
  7767 | D:10     | Reached skill level 5 in Ice Magic
  7767 | D:10     | Reached skill level 5 in Air Magic
  7767 | D:10     | Reached skill level 5 in Earth Magic
  7767 | D:10     | Reached skill level 5 in Poison Magic
  7769 | D:10     | Noticed Harold
  7777 | D:10     | Found a staircase to the Orcish Mines.
  7788 | D:10     | Killed Harold
  7791 | D:10     | Found Ockotor's Armour Shop.
  7855 | D:10     | Bought a +2 hat of magic resistance for 252 gold pieces
  8113 | D:10     | Received a gift from Nemelex Xobeh
  8803 | D:11     | Noticed a purple ugly thing
  8875 | D:11     | Found a staircase to the Lair.
  8918 | D:11     | Received a gift from Nemelex Xobeh
  9199 | D:11     | Killed a purple ugly thing
  9266 | D:12     | Received a gift from Nemelex Xobeh
  9286 | D:12     | Reached XP level 12. HP: 93/93 MP: 15/24
  9338 | D:12     | Noticed a four-headed hydra
  9353 | D:12     | Killed a four-headed hydra
  9676 | Lair:1   | Entered Level 1 of the Lair of Beasts
  9723 | Lair:1   | Received a gift from Nemelex Xobeh
  9926 | Lair:1   | Noticed a seven-headed hydra
  9933 | Lair:1   | Killed a seven-headed hydra
  9947 | Lair:1   | Reached **** piety under Nemelex Xobeh
  9954 | Lair:1   | Learned a level 3 spell: Mephitic Cloud
  9958 | Lair:1   | Learned a level 3 spell: Conjure Flame
  9973 | Lair:1   | Received a gift from Nemelex Xobeh
 10394 | Lair:2   | Found a hole to the Spider Nest.
 10518 | Lair:2   | Received a gift from Nemelex Xobeh
 10936 | Lair:2   | Noticed an ice dragon
 10952 | Lair:2   | Killed an ice dragon
 11068 | Lair:2   | Received a gift from Nemelex Xobeh
 11202 | Lair:2   | Found a staircase to the Shoals.
 11403 | Lair:3   | Reached ***** piety under Nemelex Xobeh
 11594 | Lair:3   | Reached XP level 13. HP: 101/101 MP: 23/26
 12112 | Lair:4   | Identified the +1 long sword of the Salmon {drain, rElec
                  | rPois Int-4}
 12344 | Lair:4   | Received a gift from Nemelex Xobeh
 12380 | Lair:4   | Found a dark tunnel.
 12392 | Volcano  | Entered a volcano
 12425 | Volcano  | Learned a level 1 spell: Magic Dart
 12463 | Volcano  | Found a bloodstained altar of Trog.
 13020 | Lair:4   | Noticed a dire elephant
 13058 | Lair:4   | Killed a dire elephant
 13351 | Lair:5   | Received a gift from Nemelex Xobeh
 13424 | Lair:5   | Reached skill level 10 in Spellcasting
 13476 | Lair:5   | Learned a level 4 spell: Iskenderun's Mystic Blast
 13523 | Lair:5   | Reached XP level 14. HP: 88/109 MP: 23/28
 13588 | Lair:5   | Noticed Kirke
 13594 | Lair:5   | Killed Kirke
 13594 | Lair:5   | Reached skill level 10 in Fighting
 13594 | Lair:5   | Reached skill level 10 in Axes
 13594 | Lair:5   | Reached skill level 10 in Dodging
 13654 | Lair:5   | Received a gift from Nemelex Xobeh
 13850 | Lair:5   | Received a gift from Nemelex Xobeh
 13937 | Lair:5   | Received a gift from Nemelex Xobeh
 14304 | Lair:6   | Entered Level 6 of the Lair of Beasts
 14352 | Lair:6   | Received a gift from Nemelex Xobeh
 14772 | Lair:6   | Reached skill level 10 in Invocations
 14849 | Lair:6   | Learned a level 4 spell: Ice Form
 14915 | Lair:6   | Found the +12 glaive of Prune {chop}
 14952 | Lair:6   | Received a gift from Nemelex Xobeh
 15073 | Lair:6   | Found a staircase to the Slime Pits.
 15438 | Spider:1 | Entered Level 1 of the Spider Nest
 15557 | Spider:1 | Noticed an entropy weaver
 15567 | Spider:1 | Killed an entropy weaver
 15691 | Spider:1 | Reached XP level 15. HP: 58/117 MP: 29/29
 15812 | Spider:1 | Reached skill level 10 in Armour
 15828 | Spider:1 | Annihilated by a wolf spider

Levels and vault maps discovered:
D:1:      evilmike_arrival_come_back, layout_rooms, minmay_tetromino_i4
D:2:      layout_loops_corners, small_statue_intersection,
          kennysheep_jessica_study
D:3:      layout_rooms, nicolae_overflow_crystal_walls, first_ration,
          minmay_splitting_lines, chequers_serial_rivers_micro_d
D:4:      layout_gridville, serial_shops, nicolae_shop_stone
D:5:      layout_basic, lemuel_coloured_pillars_altar, minmay_temple_entry_grid,
          nemelex_altar_shiori
D:6:      layout_gridville, slow_altar_1, cheibrodos_sewer_entry_drain,
          nicolae_dithmenos_the_darkroom
D:7:      layout_loops_cross, overflow_temple_1_default,
          lemuel_zombie_altar_yredelemnul, serial_shops, shop
D:8:      layout_cave_pools, lemuel_doored_altar, grunt_livestock,
          nicolae_ru_awakened_eye
D:9:      layout_cave_pods, kennysheep_little_box, serial_shops, shop
D:10:     layout_loops_cross, orc_david_3, amethyst_killhole, uniq_harold
D:11:     layout_irregular_city, david_lair_generic
D:12:     layout_rooms
D:13:     layout_irregular_city
Lair:1:   layout_chaotic_city, chequers_serial_rivers_micro_c,
          grunt_megastairs_1
Lair:2:   dragon1_lemuel, layout_loops_ring, elwin_shoals_entry_rooms,
          spider_nest_entry_a, grunt_megastairs_2, infiniplex_staircase_pool
Lair:3:   layout_loops_ring, chequers_serial_rivers_micro_e
Lair:4:   mu_elephants_graveyard, layout_misc_corridors,
          nicolae_volcano_entry_s_turn, minivault_24
Lair:5:   wander_river, layout_cave_shapes, minmay_lindwurm_lava, uniq_kirke
Lair:6:   gammafunk_lair_ancient_temple, layout_regular_city,
          nicolae_slime_entry_slimehenge, minmay_lair_oklob_bushes,
          serial_bayou_ford_a
Spider:1: layout_spider_delve, portal_ice_cave_entry_ugly_swarm, drop_trap,
          uniq_agnes

Skill      XL: |  1  2  3  4  5  6  7  8  9 10 11 12 13 14 15 |
---------------+----------------------------------------------+-----
Spellcasting   | 5 6 7 8 9 10 | 10.9
Invocations    | 1 2 3 4 5 6 7 8 9 10 | 10.6
Short Blades   | 1 2 3 4 5 6 7 8 9 |  9.7
Long Blades    | 1 2 3 4 5 6 7 8 9 |  9.7
Maces & Flails | 1 2 3 4 5 6 7 8 9 |  9.7
Polearms       | 1 2 3 4 5 6 7 8 9 |  9.7
Staves         | 1 2 3 4 5 6 7 8 9 |  9.7
Slings         | 1 2 3 4 5 6 7 8 9 |  9.7
Bows           | 1 2 3 4 5 6 7 8 9 |  9.7
Crossbows      | 1 2 3 4 5 6 7 8 9 |  9.7
Throwing       | 1 2 3 4 5 6 7 8 9 |  9.7
Stealth        | 1 2 3 4 5 6 7 8 9 |  9.7
Shields        | 1 2 3 4 5 6 7 8 9 |  9.7
Unarmed Combat | 1 2 3 4 5 6 7 8 9 |  9.7
Evocations     | 1 2 3 4 5 6 7 8 9 |  9.7
Conjurations   | 1 2 3 4 5 6 7 8 |  8.2
Hexes          | 1 2 3 4 5 6 7 8 |  8.2
Summonings     | 1 2 3 4 5 6 7 8 |  8.2
Necromancy     | 1 2 3 4 5 6 7 8 |  8.2
Translocations | 1 2 3 4 5 6 7 8 |  8.2
Transmutations | 1 2 3 4 5 6 7 8 |  8.2
Fire Magic     | 1 2 3 4 5 6 7 8 |  8.2
Ice Magic      | 1 2 3 4 5 6 7 8 |  8.2
Air Magic      | 1 2 3 4 5 6 7 8 |  8.2
Earth Magic    | 1 2 3 4 5 6 7 8 |  8.2
Poison Magic   | 1 2 3 4 5 6 7 8 |  8.2
Armour         | 3 4 5 6 7 8 9 10 | 10.1
Fighting       | 5 6 7 8 9 10 | 10.7
Axes           | 5 6 7 8 9 10 | 10.7
Dodging        | 5 6 7 8 9 10 | 10.7
Charms         | 6 7 8 9 |  9.9

Action                   |  1- 3 |  4- 6 |  7- 9 | 10-12 | 13-15 || total
-------------------------+-------+-------+-------+-------+-------++-------
Melee: Hand axe          |   112 |     7 |     9 |       |       ||   128
       Bite              |    10 |     9 |    23 |    38 |    72 ||   152
       Spear             |    11 |   158 |    53 |       |       ||   222
       Punch             |       |     1 |     5 |     5 |       ||    11
       Flail             |       |       |   138 |   364 |   412 ||   914
       Scimitar          |       |       |       |       |     5 ||     5
Throw: Boomerang         |       |       |     5 |     2 |       ||     7
       Dart              |       |       |       |       |     7 ||     7
 Cast: Infusion          |     5 |     2 |     9 |    13 |    10 ||    39
       Shroud of Golubri |     3 |     1 |    14 |     8 |    10 ||    36
       Spectral Weapon   |     2 |     9 |    31 |    38 |    41 ||   121
       Regeneration      |     2 |     1 |     9 |    19 |    22 ||    53
       Song of Slaying   |       |     8 |    10 |    32 |    19 ||    69
       Mephitic Cloud    |       |       |       |     3 |     9 ||    12
       Magic Dart        |       |       |       |       |    14 ||    14
Invok: Triple Draw       |       |       |       |     3 |     2 ||     5
       Deal Four         |       |       |       |       |     3 ||     3
       Stack Five        |       |       |       |       |     1 ||     1
 Abil: Evoke Flight      |       |       |     3 |       |     7 ||    10
       Draw Destruction  |       |       |     4 |    20 |    30 ||    54
       Draw Summoning    |       |       |       |     4 |     1 ||     5
       Draw Escape       |       |       |       |     3 |     2 ||     5
Evoke: Wand              |       |       |       |     1 |    15 ||    16
  Use: Potion            |     1 |     1 |     1 |       |     2 ||     5
       Scroll            |     2 |     5 |     6 |    10 |     9 ||    32
 Stab: Sleeping          |     2 |     3 |     8 |       |     4 ||    17
       Distracted        |       |       |     1 |     1 |     3 ||     5
       Petrified         |       |       |       |     4 |       ||     4
       Confused          |       |       |       |     1 |     2 ||     3
  Eat: Chunk             |     1 |     9 |    12 |    19 |    15 ||    56
       Ration            |       |       |       |       |     1 ||     1
Armor: Leather armour    |    29 |       |       |       |       ||    29
       Robe              |       |    28 |    34 |    57 |       ||   119
       Chain mail        |       |       |       |    79 |   103 ||   182
       Scale mail        |       |       |       |       |   120 ||   120
Dodge: Dodged            |   100 |    74 |   110 |   227 |   300 ||   811
Block: Other             |       |     6 |    33 |    29 |       ||    68
       Reflection        |       |     1 |       |     4 |     4 ||     9
       Buckler           |       |       |       |   105 |   293 ||   398
       Rpst.: Scimitar   |       |       |       |       |     1 ||     1
